 Dungeon Crawl Stone Soup version bcrawl-1.41.1 (webtiles) character file.

Game seed: 5947558484950586818

216001 Yshiel the Magician (level 9, -8/65 HPs)
             Began as a Gnoll Ice Elementalist on Apr 16, 2024.
             Killed from afar by an electric eel (15 damage)
             ... with a bolt of electricity
             ... on level 7 of the Dungeon.
             The game lasted 00:49:20 (7433 turns).

Yshiel the Magician (Gnoll Ice Elementalist)        Turns: 7433, Time: 00:49:21

Health: -8/65      AC:  4    Str: 10    XL:     9   Next: 25%
Magic:  18/18      EV: 14    Int: 19    God:
Gold:   417        SH:  0    Dex: 15    Spells: 19/20 levels left

rFire    . . .     GDR:     29% G - +1 hand axe of Patterns {holy, Dex+2}
rCold    . . .     SeeInvis .   (no shield)
rNeg     . . .     Gourm    .   J - +0 leather armour {MR+}
rPois    .         Faith    .   (no helmet)
rElec    .         Spirit   .   D - scarf {clouds}
rCorr    .         Reflect  .   g - +0 pair of gloves
MR       ++...                  (no boots)
Stlth    +++.......             f - amulet of rage (curse)
HPRegen  0.20/turn              t - ring of protection from magic
MPRegen  0.16/turn              I - -5 ring of dexterity (curse)

@: drained
A: distributed training, fangs 1, strong nose
a: Evoke Fog, Evoke Berserk Rage


You were on level 7 of the Dungeon.
You were hungry.

You visited 2 branches of the dungeon, and saw 8 of its levels.

You collected 417 gold pieces.

Inventory:

Hand Weapons
 b - a +0 dagger
 d - a +1 dagger of flaming
 v - a +0 blowgun
 x - a +2 hunting sling of freezing
 G - the +1 hand axe of Patterns (weapon) {holy, Dex+2}
   (You found it on level 6 of the Dungeon)

   It has been blessed by the Shining One to cause great damage to the undead
   and demons.
   It affects your dexterity (+2).
 K - a +2 dagger of draining
Missiles
 j - 1334 stones (quivered)
 k - 1028 sling bullets
 n - 673 bolts
 o - 43 curare-tipped needles
 w - 61 poisoned needles
 H - 136 arrows
Armour
 a - a +1 robe
 g - a +0 pair of gloves (worn)
 p - a cursed +0 ring mail
 u - a +1 scale mail of magic resistance
 D - a scarf of clouds (worn)
 J - a +0 leather armour of magic resistance (worn)
 M - a +1 cloak
Jewellery
 f - a cursed amulet of rage (around neck)
 t - a ring of protection from magic (left hand)
 y - an uncursed amulet of the acrobat
 I - a cursed -5 ring of dexterity (right hand)
Wands
 c - a wand of iceblast (1)
 E - a wand of flame (11)
Scrolls
 i - 4 scrolls of identify
 r - 2 scrolls of immolation
 z - a scroll of blinking
 B - a scroll of teleportation
 N - a scroll of remove curse {unknown}
Potions
 h - a potion of ambrosia
 l - a potion of brilliance
 m - 2 potions of mutation
 q - a potion of flight
 s - a potion of magic {unknown}
 A - 3 potions of curing {unknown}
 C - a potion of haste {unknown}
 F - a potion of degeneration {unknown}
 L - a potion of might {unknown}
 P - a potion of lignification {unknown}
Comestibles
 e - 10 rations {!d}


   Skills:
 + Level 4.0(3.3) Fighting
 + Level 4.0(3.3) Short Blades
 + Level 4.0(3.3) Long Blades
 + Level 4.0(3.3) Axes
 + Level 4.0(3.3) Maces & Flails
 + Level 4.0(3.3) Polearms
 + Level 4.0(3.3) Staves
 + Level 4.0(3.3) Slings
 + Level 4.0(3.3) Bows
 + Level 4.0(3.3) Crossbows
 + Level 4.0(3.3) Throwing
 + Level 4.0(3.3) Armour
 + Level 6.1(5.4) Dodging
 + Level 6.1(5.4) Stealth
 + Level 4.0(3.3) Shields
 + Level 4.0(3.3) Unarmed Combat
 + Level 6.4(5.7) Spellcasting
 + Level 4.0(3.3) Conjurations
 + Level 3.2(2.6) Hexes
 + Level 3.2(2.6) Charms
 + Level 3.2(2.6) Summonings
 + Level 3.2(2.6) Necromancy
 + Level 3.2(2.6) Translocations
 + Level 3.2(2.6) Transmutations
 + Level 3.2(2.6) Fire Magic
 + Level 6.4(5.7) Ice Magic
 + Level 3.2(2.6) Air Magic
 + Level 3.2(2.6) Earth Magic
 + Level 3.2(2.6) Poison Magic
 + Level 4.4(3.7) Invocations
 + Level 4.0(3.3) Evocations


You had 19 spell levels left.
You knew the following spells:

 Your Spells              Type           Power        Failure   Level  Hunger
a - Freeze                Ice            ####..       1%          1    None

Your spell library contained the following spells:

 Spells                   Type           Power        Failure   Level  Hunger
 Throw Frost              Conj/Ice       ###...       1%          2    None
 Ozocubu's Armour         Chrm/Ice       ###.....     9%          3    ##.....
 Throw Icicle             Conj/Ice       ###.....     22%         4    ####...
 Ice Form                 Ice/Tmut       ###.....     26%         4    ####...
 Summon Ice Beast         Ice/Summ       ###.....     26%         4    ####...


Dungeon Overview and Level Annotations

Branches:
Dungeon (7/12)             Temple (1/1) D:6
   Lair: D:7-9

Altars:
Dithmenos
Elyvilon
Gozag
Hepliaklqana
Kikubaaqudgha
Lugonu
Makhleb
Nemelex Xobeh
Qazlal
Ru
Sif Muna
Trog
Uskayaw
Wu Jian
Xom
Zin
The Shining One

Annotations:
D:3 1 runed translucent door, rumpelstilzz's ghost, weakling TrHu


Innate Abilities, Weirdness & Mutations

Your experience applies equally to all skills.
You have very sharp teeth.
Your uncanny sense of smell can sniff out nearby items.


Message History

The electric eel shoots out a bolt of lightning at you!
The bolt of electricity hits the electric eel.
The electric eel completely resists.
The bolt of electricity misses you.
The electric eel shoots out a bolt of lightning at you!
The bolt of electricity hits the electric eel.
The electric eel completely resists.
The bolt of electricity hits you! The bolt of electricity hits you.
The electric eel shoots out a bolt of lightning at you!
The bolt of electricity hits you!
You see here a ration {!d}.
e - 10 rations {!d} (gained 1)
The electric eel shoots out a bolt of lightning at you!
The bolt of electricity hits you!
* * * LOW HITPOINT WARNING * * *
The electric eel shoots out a bolt of lightning at you!
The bolt of electricity hits you!
* * * LOW HITPOINT WARNING * * *
The electric eel shoots out a bolt of lightning at you!
The bolt of electricity hits you!
You die...

∆ #.###......# #.#
#........### #..
#####..#######..
#......#P..P.
#.###..≈≈≈≈≈≈ #.#
P.≈≈≈≈≈≈≈≈ #.#
#♣≈≈≈;≈≈≈≈≈≈
#.###P≈≈≈≈≈≈≈≈≈≈♣##
#.#@#..≈.≈.≈. ≈P..##
..###......;≈P≈≈≈ ♣....#
PP.'.........PP..P .....
≈≈≈≈.#....####.######...#
≈P≈≈≈P...## #........
♣♣♣≈P#.... #.###<###
♣≈≈.##.##. ∆ #.###.###
♣♣≈ #.# .# #........ ♣P
#.# # #####.##.


You could see an electric eel.

Vanquished Creatures
  Sigmund (D:2)
  A steam dragon (D:6)
  Menkaure (D:4)
  An orc warrior (Temple)
  2 sky beasts (D:5)
  An ogre (D:4)
  A bullfrog (Temple)
  A water moccasin zombie (D:5)
  A scorpion (D:6)
  5 wights
  4 orc priests
  2 crimson imps
  3 hounds
  2 bullfrog skeletons (D:4)
  3 iguanas
  4 orc wizards
  4 worker ants
  2 hound skeletons
  A worker ant zombie (D:7)
  4 gnolls
  8 adders
  An ooze (D:2)
  An adder skeleton (D:4)
  A worm (D:5)
  4 dart slugs
  A leopard gecko (D:2)
  23 orcs
  3 ball pythons
  A giant cockroach (D:1)
  6 goblins
  13 hobgoblins
  8 jackals
  4 quokkas
  6 bats
  4 frilled lizards (D:1)
  16 kobolds
  A quokka skeleton (D:6)
  6 rats
151 creatures vanquished.

Notes
Turn   | Place    | Note
-------+----------+-------------------------------------------
     0 | D:1      | Yshiel the Gnoll Ice Elementalist began the quest for the
                  | Orb.
     0 | D:1      | Reached XP level 1. HP: 13/13 MP: 6/6
    48 | D:1      | Found a sparkling altar of Nemelex Xobeh.
   156 | D:1      | Reached XP level 2. HP: 18/19 MP: 7/7
   446 | D:1      | Reached XP level 3. HP: 17/25 MP: 5/9
   573 | D:2      | Reached skill level 5 in Spellcasting
   693 | D:2      | Reached skill level 1 in Invocations
   821 | D:2      | Noticed Sigmund
   831 | D:2      | Killed Sigmund
   832 | D:2      | Reached skill level 1 in Fighting
   832 | D:2      | Reached skill level 1 in Short Blades
   832 | D:2      | Reached skill level 1 in Long Blades
   832 | D:2      | Reached skill level 1 in Axes
   832 | D:2      | Reached skill level 1 in Maces & Flails
   832 | D:2      | Reached skill level 1 in Polearms
   832 | D:2      | Reached skill level 1 in Staves
   832 | D:2      | Reached skill level 1 in Slings
   832 | D:2      | Reached skill level 1 in Bows
   832 | D:2      | Reached skill level 1 in Crossbows
   832 | D:2      | Reached skill level 1 in Throwing
   832 | D:2      | Reached skill level 1 in Armour
   832 | D:2      | Reached skill level 1 in Shields
   832 | D:2      | Reached skill level 1 in Unarmed Combat
   832 | D:2      | Reached skill level 1 in Hexes
   832 | D:2      | Reached skill level 1 in Charms
   832 | D:2      | Reached skill level 1 in Summonings
   832 | D:2      | Reached skill level 1 in Necromancy
   832 | D:2      | Reached skill level 1 in Translocations
   832 | D:2      | Reached skill level 1 in Transmutations
   832 | D:2      | Reached skill level 1 in Fire Magic
   832 | D:2      | Reached skill level 1 in Air Magic
   832 | D:2      | Reached skill level 1 in Earth Magic
   832 | D:2      | Reached skill level 1 in Poison Magic
   832 | D:2      | Reached skill level 1 in Evocations
   832 | D:2      | Reached XP level 4. HP: 9/32 MP: 2/11
   832 | D:2      | Reached XP level 5. HP: 11/37 MP: 2/12
   929 | D:2      | Found a faded altar of an unknown god.
  1439 | D:3      | Reached XP level 6. HP: 44/44 MP: 10/13
  1805 | D:3      | Found a runed translucent door.
  1806 | D:3      | Noticed rumpelstilzz's ghost (weakling TrHu)
  1962 | D:3      | Reached skill level 5 in Dodging
  1962 | D:3      | Reached skill level 5 in Stealth
  2086 | D:3      | Found a hide-covered altar of Uskayaw.
  2662 | D:4      | Reached XP level 7. HP: 50/50 MP: 15/15
  2768 | D:4      | Noticed Menkaure
  2771 | D:4      | Killed Menkaure
  3297 | D:5      | Entered Level 5 of the Dungeon
  3396 | D:5      | Found a glowing golden altar of the Shining One.
  3740 | D:5      | Reached XP level 8. HP: 14/57 MP: 14/16
  4516 | D:6      | Found a staircase to the Ecumenical Temple.
  4524 | Temple   | Entered the Ecumenical Temple
  5572 | Temple   | Reached XP level 9. HP: 52/65 MP: 18/18
  5864 | D:6      | Found a hazy altar of Hepliaklqana.
  5865 | D:6      | Found a shadowy altar of Dithmenos.
  6003 | D:6      | Got an iridescent hand axe
  6004 | D:6      | Identified the +1 hand axe of Patterns {holy, Dex+2} (You
                  | found it on level 6 of the Dungeon)
  7433 | D:7      | Killed from afar by an electric eel

Skill      XL: |  1  2  3  4  5  6  7  8  9 |
---------------+----------------------------+-----
Conjurations   | 2 3 4 |  4.0
Spellcasting   | 5 6 |  6.4
Invocations    | 1 2 3 4 |  4.4
Fighting       | 1 2 3 4 |  4.0
Short Blades   | 1 2 3 4 |  4.0
Long Blades    | 1 2 3 4 |  4.0
Axes           | 1 2 3 4 |  4.0
Maces & Flails | 1 2 3 4 |  4.0
Polearms       | 1 2 3 4 |  4.0
Staves         | 1 2 3 4 |  4.0
Slings         | 1 2 3 4 |  4.0
Bows           | 1 2 3 4 |  4.0
Crossbows      | 1 2 3 4 |  4.0
Throwing       | 1 2 3 4 |  4.0
Armour         | 1 2 3 4 |  4.0
Shields        | 1 2 3 4 |  4.0
Unarmed Combat | 1 2 3 4 |  4.0
Hexes          | 1 2 3 |  3.2
Charms         | 1 2 3 |  3.2
Summonings     | 1 2 3 |  3.2
Necromancy     | 1 2 3 |  3.2
Translocations | 1 2 3 |  3.2
Transmutations | 1 2 3 |  3.2
Fire Magic     | 1 2 3 |  3.2
Air Magic      | 1 2 3 |  3.2
Earth Magic    | 1 2 3 |  3.2
Poison Magic   | 1 2 3 |  3.2
Evocations     | 1 2 3 4 |  4.0
Dodging        | 5 6 |  6.1
Stealth        | 5 6 |  6.1
Ice Magic      | 6 |  6.4

Action                   |  1- 3 |  4- 6 |  7- 9 || total
-------------------------+-------+-------+-------++-------
Melee: Dagger            |    56 |    48 |   168 ||   272
       Bite              |     7 |     2 |    32 ||    41
       Unarmed           |     1 |       |       ||     1
       Hand axe          |       |       |    90 ||    90
 Cast: Freeze            |    42 |    37 |    76 ||   155
  Use: Scroll            |     5 |     6 |     8 ||    19
       Potion            |       |       |     1 ||     1
 Stab: Sleeping          |     2 |    11 |     7 ||    20
       Distracted        |       |     1 |       ||     1
  Eat: Chunk             |       |     8 |    19 ||    27
       Ration            |       |       |     1 ||     1
Armor: Robe              |    19 |     4 |    37 ||    60
       Leather armour    |       |       |    15 ||    15
Dodge: Dodged            |    74 |    46 |   230 ||   350
